 Dungeon Crawl Stone Soup version 0.28.0-53-g5a82cb258f (webtiles) character file.

Game seed: 8686492928663524013

105040 Peloso the Fencer (level 15, -12/147 HPs)
             Began as a Minotaur Fighter on Aug 6, 2022.
             Was the Champion of Okawaru.
             Killed from afar by a fenstrider witch (39 damage)
             ... with a toxic sludge
             ... on level 2 of the Swamp.
             The game lasted 01:12:10 (30737 turns).

Peloso the Fencer (Minotaur Fighter)               Turns: 30737, Time: 01:12:14

Health: -12/147    AC: 47    Str: 32    XL:     15   Next: 93%
Magic:  4/6        EV: 12    Int:  7    God:    Okawaru [******]
Gold:   4052       SH: 13    Dex: 14    Spells: 14/14 levels left

rFire   + + .      SeeInvis .   a - +5 double sword (flame)
rCold   + + .      Faith    .   U - +4 buckler of Perfidy {rN+}
rNeg    + . .      Spirit   .   B - +15 plate armour of Honour {rElec rC+ MP-9 Int+2}
rPois   .          Reflect  .   m - +3 hat of Knowledge {rElec}
rElec   +          Harm     .   g - +0 cloak {rF+}
rCorr   .          Rampage  .   e - +2 pair of gloves
Will    ++...                   x - +2 pair of boots of Ogganague {rF+ rC+}
Stlth   ..........              A - amulet of regeneration
HPRegen 1.14/turn               T - ring of willpower
MPRegen 0.10/turn               K - +6 ring of strength

@: lethally poisoned (-12 -> -21), heroic, very slow
A: horns 2, retaliatory headbutt, thin skeletal structure 1, electricity
resistance
a: Renounce Religion, Heroism, Finesse, Duel


You were on level 2 of the Swamp.
You worshipped Okawaru.
Okawaru was exalted by your worship.
You visited 5 branches of the dungeon, and saw 26 of its levels.
You visited the Abyss 1 time.
You also visited: Trove, Sewer, Bailey, Gauntlet and Volcano.

You collected 4447 gold pieces.
You spent 395 gold pieces at shops.

Inventory:

Hand Weapons
 a - a +5 double sword of flaming (weapon)
 b - a +3 double sword of holy wrath
Armour
 e - a +2 pair of gloves (worn)
 g - a +0 cloak of fire resistance (worn)
 m - the +3 hat of Knowledge (worn) {rElec}
   (You acquired it in a bailey)

   rElec:     It insulates you from electricity.
 x - the +2 pair of boots of Ogganague (worn) {rF+ rC+}
   (Okawaru gifted it to you on level 14 of the Dungeon)

   rF:        It protects you from fire.
   rC:        It protects you from cold.
 B - the +15 plate armour of Honour (worn) {rElec rC+ MP-9 Int+2}
   (Okawaru gifted it to you on level 10 of the Dungeon)

   Int:       It affects your intelligence (+2).
   rC:        It protects you from cold.
   rElec:     It insulates you from electricity.
   MP:        It affects your magic capacity (-9).
 U - the +4 buckler of Perfidy (worn) {rN+}
   (Okawaru gifted it to you on level 6 of the Lair of Beasts)

   rN:        It protects you from negative energy.
Jewellery
 f - the ring of Xapt {Wiz rElec}
   (You found it in a treasure trove)

   [ring of wizardry]

   It improves your spell success rate.
   rElec:     It insulates you from electricity.
 h - the ring of the Heavens {rC- EV+4 Int+8}
   (You found it in a treasure trove)

   [ring of evasion]

   EV:        It affects your evasion (+4).
   Int:       It affects your intelligence (+8).
   rC:        It makes you vulnerable to cold.
 o - an amulet of reflection
 A - an amulet of regeneration (around neck)
 K - a +6 ring of strength (right hand)
 L - a ring of protection from fire
 T - a ring of willpower (left hand)
 X - a ring of resist corrosion
Wands
 k - a wand of polymorph (4)
 v - a wand of paralysis (3)
Scrolls
 c - a scroll of amnesia
 l - 13 scrolls of teleportation
 p - 2 scrolls of silence
 s - a scroll of enchant armour
 y - a scroll of acquirement
 G - 5 scrolls of magic mapping
 P - 2 scrolls of fear
 Q - 3 scrolls of noise
 S - a scroll of blinking
 Y - 6 scrolls of identify
Potions
 d - 6 potions of might
 i - 9 potions of heal wounds
 j - 7 potions of haste
 n - a potion of invisibility
 q - 4 potions of berserk rage
 r - 6 potions of curing
 t - a potion of cancellation {unknown}
 u - 3 potions of resistance
 R - a potion of flight


   Skills:
 + Level 17.0(22.0) Fighting
 + Level 19.8(24.8) Long Blades
 + Level 15.7(20.7) Armour
 + Level 3.8(8.8) Dodging
 + Level 2.9(7.9) Stealth
 + Level 16.0(21.0) Shields
 + Level 1.8 Invocations
 + Level 0.3 Evocations


You had 14 spell levels left.
You didn't know any spells.
Your spell library contained the following spells:

 Spells                   Type           Power      Damage    Failure   Level
 Apportation              Tloc           0%         N/A       87%         1
 Beastly Appendage        Tmut           0%         N/A       87%         1
 Magic Dart               Conj           0%         1d3       87%         1
 Shock                    Conj/Air       0%         1d3       87%         1
 Sting                    Tmut/Pois      0%         1d3       87%         1
 Blink                    Tloc           0%         N/A       95%         2
 Passwall                 Tmut/Erth      0%         N/A       95%         2
 Static Discharge         Conj/Air       0%         N/A       95%         2
 Sublimation of Blood     Necr           0%         N/A       95%         2
 Wereblood                Tmut           0%         N/A       95%         2
 Lesser Beckoning         Tloc           0%         N/A       99%         3
 Mephitic Cloud           Conj/Pois/Air  0%         N/A       99%         3
 Airstrike                Air            0%         N/A       100%        4
 Dispel Undead            Necr           0%         3d6       100%        4
 Fulminant Prism          Conj/Hex       0%         3d6       100%        4
 Sticky Flame             Conj/Fire      0%         2d3       100%        4
 Blade Hands              Tmut           0%         N/A       100%        5
 Borgnjor's Vile Clutch   Necr/Erth      0%         N/A       100%        5
 Fireball                 Conj/Fire      0%         3d3       100%        5
 Freezing Cloud           Conj/Ice/Air   0%         6-21      100%        5
 Irradiate                Conj/Tmut      0%         3d13      100%        5
 Iskenderun's Battlesphe  Conj           0%         2d6       100%        5
 Lightning Bolt           Conj/Air       0%         1d11      100%        5
 Manifold Assault         Tloc           0%         N/A       100%        5
 Conjure Ball Lightning   Conj/Air       0%         3x3d6     100%        6
 Iron Shot                Conj/Erth      0%         9d1       100%        6
 Starburst                Conj/Fire      0%         6d3       100%        6
 Dragon Form              Tmut           0%         N/A       100%        7
 Orb of Destruction       Conj           0%         9d5       100%        7
 Storm Form               Tmut/Air       0%         N/A       100%        7
 Ignition                 Fire           0%         3d3       100%        8
 Chain Lightning          Conj/Air       0%         N/A       100%        9
 Polar Vortex             Ice            0%         N/A       100%        9
 Animate Skeleton         Necr           Unusable   N/A       N/A         1
 Summon Small Mammal      Summ           Unusable   N/A       N/A         1
 Call Imp                 Summ           Unusable   N/A       N/A         2
 Animate Armour           Summ/Erth      Unusable   N/A       N/A         4
 Summon Lightning Spire   Summ/Air       Unusable   N/A       N/A         4
 Simulacrum               Ice/Necr       Unusable   N/A       N/A         6
 Summon Hydra             Summ           Unusable   N/A       N/A         7

Dungeon Overview and Level Annotations

Branches:
Dungeon (15/15)            Temple (1/1) D:4            Lair (6/6) D:11
  Swamp (2/4) Lair:2       Spider (0/4) Lair:4        Slime (0/5) Lair:5
    Orc (2/2) D:10            Elf (0/3) Orc:2        Vaults (0/5) D:14
 Depths (0/4) D:15          Sewer (visited)          Bailey (visited)
Volcano (visited)         Gauntlet (visited)

Altars:
Ashenzari
Cheibriados
Dithmenos
Elyvilon
Fedhas
Gozag
Hepliaklqana
Kikubaaqudgha
Makhleb
Nemelex Xobeh
Okawaru
Qazlal
Ru
Sif Muna
Trog
Uskayaw
Vehumet
Wu Jian
Xom
Yredelemnul
Zin
The Shining One
Beogh
Jiyva

Shops:
D:3 (*!?(   D:11 [   D:14 *   Orc:2 :*=(

Annotations:
D:8 1 runed translucent door, toph's ghost, novice DjFE
Lair:1 2 transporters, fedoskokos's ghost, novice DsCj
Lair:5 Casa


Innate Abilities, Weirdness & Mutations

You have a pair of horns on your head.
You reflexively headbutt those who attack you in melee.
You have a somewhat thin skeletal structure. (Dex +2, Stealth+)
You are resistant to electric shocks. (rElec)


Message History

You are poisoned.
Splash!
You fall into the toxic bog.
Moving in this stuff is going to be slow.
A fenstrider witch is nearby!
You feel very sick.
The fenstrider witch points at you and mumbles some strange words.
Your body is wracked with pain!
Your unstable footing causes you to fumble your attack.
You feel sick.
The fenstrider witch hits you but does no damage.
You block the fenstrider witch's attack.
You hit the fenstrider witch but do no damage.
You feel sick.
The fenstrider witch hits you but does no damage.
The fenstrider witch kicks you but does no damage.
A goliath frog comes into view.
Your unstable footing causes you to fumble your attack.
You feel sick.
The fenstrider witch gestures at you while chanting.
Your body is wracked with pain!
The goliath frog hits you but does no damage.
You barely miss the fenstrider witch. You headbutt the fenstrider witch.
The fenstrider witch is lightly wounded.
You feel sick.
The fenstrider witch casts a spell at you.
You resist with significant effort.
The goliath frog hits you but does no damage.
Your unstable footing causes you to fumble your attack.
You feel sick.
The fenstrider witch casts a spell at you.
Your body is wracked with pain!
* * * LOW HITPOINT WARNING * * *
You gain the combat prowess of a mighty hero.
You feel sick.
The goliath frog hits you but does no damage.
The fenstrider witch points at you and mumbles some strange words.
The toxic sludge hits you!!!
You are more poisoned.
You die...

≈≈≈≈≈.≈♣ ≈≈≈♣...≈
♣♣♣♣♣♣♣♣♣♣♣♣ ♣♣♣≈.♣.≈.
≈≈≈≈♣≈.≈.♣≈♣♣♣♣♣.≈≈≈...≈
≈≈.≈..≈...♣....§≈§§..§≈
..♣♣≈≈♣..♣≈..≈≈≈..♣♣...
♣♣≈...≈.♣.≈≈≈≈≈♣♣♣♣♣..
♣♣.♣♣♣♣♣♣♣♣♣♣≈..♣♣♣♣..#
♣..≈†≈@HF≈≈≈♣........##
♣.≈≈≈≈≈≈♣≈≈≈≈♣≈§≈≈.§..#.
♣.≈♣♣♣♣♣♣ ♣♣♣♣♣≈≈≈....#.
♣.≈ ♣≈..≈♣..#. ♣≈≈
♣≈......## ♣.♣
♣♣.≈.≈≈..# ♣. ♣...≈≈...
♣≈≈.≈≈... ♣♣≈≈.≈≈≈≈≈


You could see a fenstrider witch and a goliath frog.

Vanquished Creatures
  A bone dragon (Abyss:3)
  Rupert (D:14)
  A lich (Abyss:3)
  Kirke (D:14)
  Louise (D:15)
  An orc warlord (Orc:1)
  A stone giant (D:15)
  Nessos (Orc:2)
  A bunyip (Swamp:1)
  A minotaur (Gauntlet)
  Snorg (D:11)
  Azrael (D:15)
  Fannar (D:11)
  7 boulder beetles
  2 catoblepae
  2 death knights
  4 hydras
  17 death yaks
  4 alligators (Swamp:1)
  3 two-headed ogres
  5 centaur warriors
  5 orc high priests (Orc:2)
  5 thrashing horrors (Abyss:3)
  3 tengu warriors (D:15)
  A hell knight (Volcano)
  A skeletal warrior (D:14)
  A sixfirhy (Abyss:3)
  12 spriggans (Lair:6)
  A wretched star (Abyss:3)
  A spriggan druid (Swamp:2)
  A bog body (Swamp:1)
  A phantasmal warrior (D:12)
  A manticore (D:15)
  A shining eye (Gauntlet)
  3 deep elf pyromancers
  A necromancer (Gauntlet)
  7 orc knights
  3 orc sorcerers (Orc:2)
  4 cyclopes
  6 ugly things
  A will-o-the-wisp (Swamp:2)
  4 black mambas
  6 elephants (Lair:2)
  2 torpor snails
  8 cane toads
  2 kobold demonologists (Bailey)
  An unseen horror (D:10)
  A yaktaur (Volcano)
  2 tengu conjurers (D:15)
  9 komodo dragons
  2 efreet
  5 freezing wraiths
  An ancient zyme (Abyss:3)
  A bloated husk (Swamp:2)
  11 trolls
  4 tyrant leeches
  Prince Ribbit (D:5)
  8 polar bears
  A blink frog (shapeshifter) (D:14)
  A tarantella (shapeshifter) (D:14)
  8 dream sheep
  A meliai zombie (D:11)
  5 slime creatures (D:12)
  3 hornets (Lair:6)
  A vampire (D:12)
  A flying skull (Abyss:3)
  3 shadows
  6 wyverns
  A wraith (D:14)
  4 fire elementals (D:15)
  A hog (D:14)
  4 humans (D:14)
  5 vampire mosquitoes
  52 yaks
  7 basilisks
  A golden eye (Gauntlet)
  A human (shapeshifter) (D:13)
  2 steam dragons (D:8)
  2 chaos spawn (Abyss:3)
  A warg (shapeshifter) (D:15)
  7 swamp worms
  A warg (Orc:2)
  4 large abominations (Abyss:3)
  14 water moccasins
  An acid dragon (D:13)
  2 hell hounds (D:15)
  Pargi (Sewer)
  Duvessa (D:6)
  A floating eye (Gauntlet)
  45 orc warriors
  An ice beast (D:5)
  3 sky beasts
  3 black bears
  9 ogres
  10 boggarts
  15 centaurs
  2 necrophages (D:6)
  26 wolves (Lair:6)
  A phantom (D:4)
  3 kobold brigands
  Blork the orc (D:5)
  10 bullfrogs
  4 scorpions
  2 wyvern skeletons
  Dowan (D:6)
  11 wights
  3 howler monkeys
  4 electric eels
  3 centaur zombies
  9 starcursed masses (Abyss:3)
  A jelly (D:7)
  26 orc priests
  3 centaur skeletons
  4 bullfrog skeletons
  A hound (D:3)
  3 gnoll shamans
  An iguana (D:4)
  A scorpion zombie (D:5)
  17 orc wizards
  2 hound skeletons (D:5)
  A howler monkey zombie (D:9)
  29 gnolls
  8 adders
  A howler monkey simulacrum (D:10)
  An ufetubus (D:4)
  An adder zombie (D:5)
  3 worms
  2 dart slugs
  64 orcs
  7 ball pythons
  10 endoplasms
  7 giant cockroaches
  43 goblins
  40 hobgoblins
  A jackal (D:2)
  A quokka (D:2)
  10 bats
  5 frilled lizards
  25 kobolds
  8 rats
  6 butterflies (D:9)
  A lurking horror (Abyss:3)
826 creatures vanquished.

Vanquished Creatures (others)
  A goliath frog (Swamp:1)
  A bloated husk (Swamp:1)
  2 orc wizards
  2 foxfires (Swamp:2)
  11 fungi
  44 plants
61 creatures vanquished.

Grand Total: 887 creatures vanquished

Notes
Turn   | Place    | Note
-------+----------+-------------------------------------------
     0 | D:1      | Peloso the Minotaur Fighter began the quest for the Orb.
     0 | D:1      | Reached XP level 1. HP: 19/19 MP: 0/0
   192 | D:1      | Reached XP level 2. HP: 27/27 MP: 1/1
  1128 | D:2      | Reached XP level 3. HP: 31/33 MP: 2/2
  1235 | D:2      | Reached skill level 3 in Long Blades
  1532 | D:2      | Found a faded altar of an unknown god.
  1558 | D:2      | Reached XP level 4. HP: 40/40 MP: 3/3
  1784 | D:2      | Reached skill level 4 in Long Blades
  1800 | D:2      | Reached skill level 5 in Armour
  1810 | D:2      | Reached XP level 5. HP: 3/46 MP: 4/4
  2198 | D:3      | Found Kuluci's Distillery.
  2489 | D:3      | Found Wuyqiced's General Store.
  2494 | D:3      | Bought a potion of degeneration for 11 gold pieces
  2519 | D:3      | Found Etocuom's Magic Scroll Boutique.
  2539 | D:3      | Bought a scroll of teleportation for 30 gold pieces
  2784 | D:3      | Found Vigyqac's Antique Weapon Shoppe.
  3089 | D:3      | Found Qootuk's Weapon Shop.
  3171 | D:4      | Noticed a phantom
  3182 | D:4      | Killed a phantom
  3183 | D:4      | Reached skill level 5 in Shields
  3183 | D:4      | Reached XP level 6. HP: 30/53 MP: 5/5
  3405 | D:4      | Found a staircase to the Ecumenical Temple.
  3425 | Temple   | Entered the Ecumenical Temple
  3676 | Temple   | Became a worshipper of Warmaster Okawaru
  4400 | D:5      | Entered Level 5 of the Dungeon
  4428 | D:5      | Noticed a water moccasin
  4431 | D:5      | Killed a water moccasin
  4432 | D:5      | Reached skill level 5 in Long Blades
  4499 | D:5      | Found a glowing drain.
  4509 | Sewer    | Entered a sewer
  4531 | Sewer    | Noticed Pargi
  4540 | Sewer    | Killed Pargi
  4541 | Sewer    | Reached XP level 7. HP: 44/60 MP: 6/6
  4744 | D:5      | Noticed a two-headed ogre
  4748 | D:5      | Killed a two-headed ogre
  4748 | D:5      | Reached * piety under Okawaru
  4749 | D:5      | Reached skill level 5 in Fighting
  4749 | D:5      | Reached skill level 7 in Long Blades
  4749 | D:5      | Reached skill level 1 in Dodging
  4749 | D:5      | Reached XP level 8. HP: 47/69 MP: 7/7
  4892 | D:5      | Reached skill level 8 in Long Blades
  5068 | D:5      | Reached ** piety under Okawaru
  5607 | D:5      | Noticed Blork the orc
  5612 | D:5      | Killed Blork the orc
  5797 | D:5      | Noticed Prince Ribbit
  5803 | D:5      | Killed Prince Ribbit
  5804 | D:5      | Reached skill level 9 in Long Blades
  6007 | D:6      | Noticed Duvessa
  6007 | D:6      | Noticed Dowan
  6013 | D:6      | Killed Duvessa
  6014 | D:6      | Reached XP level 9. HP: 62/75 MP: 8/8
  6017 | D:6      | Killed Dowan
  6039 | D:6      | Reached skill level 10 in Long Blades
  6136 | D:6      | Reached *** piety under Okawaru
  6637 | D:6      | Found a shimmering altar of Xom.
  6637 | D:6      | Found a shimmering altar of Xom.
  6638 | D:6      | Found a shimmering altar of Xom.
  6638 | D:6      | Found a shimmering altar of Xom.
  6638 | D:6      | Found a shimmering altar of Xom.
  6646 | D:6      | Found a shimmering altar of Xom.
  8091 | D:8      | Reached skill level 11 in Long Blades
  8238 | D:8      | Found a runed translucent door.
  8239 | D:8      | Noticed toph's ghost (novice DjFE)
  8239 | D:8      | Noticed a troll
  8440 | D:8      | Got the Handbook of Feathers and the Rocks
  8512 | D:8      | Reached **** piety under Okawaru
  8749 | D:8      | Reached XP level 10. HP: 70/88 MP: 9/9
  9560 | D:9      | Reached skill level 1 in Stealth
  9878 | D:9      | Found a runed translucent door.
  9895 | D:9      | Found a runed translucent door.
 10021 | D:9      | Reached skill level 12 in Long Blades
 10102 | D:10     | Entered Level 10 of the Dungeon
 10136 | D:10     | Identified a scroll of acquirement
 10197 | D:10     | Found a flagged portal.
 10214 | Bailey   | Entered a bailey
 10299 | Bailey   | Noticed a rust devil
 10547 | Bailey   | Reached skill level 13 in Long Blades
 10594 | Bailey   | Noticed an orc knight
 10605 | Bailey   | Killed an orc knight
 10605 | Bailey   | Reached ***** piety under Okawaru
 10606 | Bailey   | Reached skill level 10 in Armour
 10662 | Bailey   | Found an iron altar of Okawaru.
 10668 | Bailey   | Noticed an orange demon
 10687 | Bailey   | Identified the +8 ice dragon scales "Letu Ywo" {Contam rF-
                  | rC++ Str+5 Dex+10 SInv}
 10879 | Bailey   | Acquired 753 gold pieces
 11272 | D:10     | Reached XP level 11. HP: 86/97 MP: 10/10
 11481 | D:10     | Noticed a two-headed ogre
 11485 | D:10     | Killed a two-headed ogre
 11485 | D:10     | Identified the +15 plate armour of Honour {rElec rC+ MP-9
                  | Int+2} (Okawaru gifted it to you on level 10 of the
                  | Dungeon)
 11485 | D:10     | Received a gift from Okawaru
 11696 | D:10     | Found a staircase to the Orcish Mines.
 11925 | D:10     | Reached skill level 14 in Long Blades
 12662 | D:11     | Noticed Snorg
 12674 | D:11     | Killed Snorg
 12675 | D:11     | Reached skill level 10 in Fighting
 12968 | D:11     | Found an iron altar of Okawaru.
 13079 | D:11     | Found a staircase to the Lair.
 13080 | D:11     | Found Yntia's Armour Emporium.
 13281 | D:11     | Noticed Fannar
 13297 | D:11     | Killed Fannar
 13721 | Lair:1   | Entered Level 1 of the Lair of Beasts
 13818 | Lair:1   | Reached skill level 15 in Long Blades
 14036 | Lair:1   | Received a gift from Okawaru
 14074 | Lair:1   | Noticed fedoskokos's ghost (novice DsCj)
 14118 | Lair:1   | Found a transporter.
 14124 | Lair:1   | Found a transporter.
 14256 | Lair:2   | Found a staircase to the Swamp.
 14298 | Lair:2   | Reached ****** piety under Okawaru
 14397 | Lair:2   | Reached XP level 12. HP: 91/108 MP: 2/11
 14505 | Lair:2   | Found a shadowy altar of Dithmenos.
 14611 | Lair:2   | Reached skill level 16 in Long Blades
 15165 | Lair:3   | Reached skill level 10 in Shields
 15420 | Lair:3   | Identified the +0 pair of gloves of the Teacher {+Inv}
                  | (Okawaru gifted it to you on level 3 of the Lair of Beasts)
 15420 | Lair:3   | Received a gift from Okawaru
 15715 | Lair:3   | Noticed a six-headed hydra
 15725 | Lair:3   | Killed a three-headed hydra
 16045 | Lair:4   | Noticed a boulder beetle
 16072 | Lair:4   | Killed a boulder beetle
 16134 | Lair:4   | Found a hole to the Spider Nest.
 16495 | Lair:4   | Noticed a five-headed hydra
 16500 | Lair:4   | Killed a three-headed hydra
 16860 | D:12     | Noticed a boulder beetle
 16869 | D:12     | Killed a boulder beetle
 16896 | D:12     | Noticed a death knight
 16914 | D:12     | Killed a death knight
 16927 | D:12     | Reached XP level 13. HP: 59/119 MP: 1/12
 16968 | D:12     | Found a gate leading to a gauntlet.
 16977 | Gauntlet | Entered a Gauntlet
 16977 | Gauntlet | Found a transporter.
 16977 | Gauntlet | Found a transporter.
 16981 | Gauntlet | Found a transporter.
 16981 | Gauntlet | Found a transporter.
 16984 | Gauntlet | Found a transporter.
 17026 | Gauntlet | Found a transporter.
 17029 | Gauntlet | Found a transporter.
 17029 | Gauntlet | Found a transporter.
 17045 | Gauntlet | Found a transporter.
 17060 | Gauntlet | Found a transporter.
 17084 | Gauntlet | Found a transporter.
 17091 | Gauntlet | Found a transporter.
 17134 | Gauntlet | Found a transporter.
 17149 | Gauntlet | Found a transporter.
 17337 | Gauntlet | Paralysed by a floating eye for 2 turns
 17339 | Gauntlet | Gained mutation: You sometimes lose the ability to read
                  | scrolls when taking damage. [a shining eye]
 17384 | Gauntlet | Reached skill level 17 in Long Blades
 17417 | Gauntlet | Got the Volume of Mutagenic Confrontation
 17966 | Gauntlet | Noticed a minotaur
 17983 | Gauntlet | Killed a minotaur
 18082 | D:12     | Identified the +9 plate armour of the Cicada {rF- Int+3
                  | Dex+3} (Okawaru gifted it to you on level 12 of the
                  | Dungeon)
 18082 | D:12     | Received a gift from Okawaru
 18106 | D:12     | Reached skill level 1 in Invocations
 18892 | D:12     | Lost mutation: You sometimes lose the ability to read
                  | scrolls when taking damage. [potion of mutation]
 18892 | D:12     | Gained mutation: You have a somewhat thin skeletal
                  | structure. (Dex +2, Stealth+) [potion of mutation]
 18892 | D:12     | Gained mutation: You are dopey. (Int -2) [potion of
                  | mutation]
 18892 | D:12     | Lost mutation: You are dopey. (Int -2) [potion of mutation]
 18892 | D:12     | Gained mutation: You are resistant to electric shocks.
                  | (rElec) [potion of mutation]
 19559 | Lair:5   | Found a staircase to the Slime Pits.
 19947 | Lair:5   | Received a gift from Okawaru
 20004 | Lair:5   | Reached XP level 14. HP: 78/132 MP: 4/13
 20005 | Lair:5   | Reached skill level 18 in Long Blades
 20377 | Lair:5   | Found a viscous altar of Jiyva.
 20542 | Lair:5   | You fall into a shaft and drop 1 floor!
 20542 | Lair:6   | Entered Level 6 of the Lair of Beasts
 21264 | Lair:6   | Identified the +4 buckler of Perfidy {rN+} (Okawaru gifted
                  | it to you on level 6 of the Lair of Beasts)
 21264 | Lair:6   | Received a gift from Okawaru
 22348 | Orc:1    | Entered Level 1 of the Orcish Mines
 22355 | Orc:1    | Reached skill level 15 in Fighting
 22445 | Orc:1    | Found a dark tunnel.
 22462 | Volcano  | Entered a volcano
 22691 | Volcano  | Found a bloodstained altar of Trog.
 23199 | Orc:2    | Entered Level 2 of the Orcish Mines
 23202 | Orc:2    | Noticed Nessos
 23213 | Orc:2    | Killed Nessos
 23687 | Orc:2    | Found a staircase to the Elven Halls.
 23912 | Orc:2    | Noticed an orc warlord
 24364 | Orc:1    | Killed an orc warlord
 25447 | Orc:2    | Reached XP level 15. HP: 88/141 MP: 5/14
 25684 | Orc:2    | Reached skill level 19 in Long Blades
 25684 | Orc:2    | Reached skill level 15 in Shields
 25806 | Orc:2    | Found Omyteihoet's Antique Weapon Shop.
 25806 | Orc:2    | Found Ficzuu's Book Shop.
 25807 | Orc:2    | Found Nuymp's Jewellery Shop.
 25807 | Orc:2    | Found Aggon's Assorted Antiques.
 25819 | Orc:2    | Bought a scroll of enchant weapon for 142 gold pieces
 25825 | Orc:2    | Bought a steaming long sword for 212 gold pieces
 25825 | Orc:2    | Identified the +7 long sword "Peloso's Death" {venom, rPois
                  | rN++ Str-4} (You bought it in a shop on level 2 of the
                  | Orcish Mines)
 26345 | D:13     | You fall into a shaft and drop 2 floors!
 26345 | D:15     | Entered Level 15 of the Dungeon
 26570 | D:14     | Found a gate to the Vaults.
 26611 | D:14     | Received a gift from Okawaru
 26635 | D:14     | Reached skill level 15 in Armour
 26857 | D:13     | Paralysed by a centaur for 6 turns
 27044 | D:13     | Found a portal to a secret trove of treasure.
 27358 | D:14     | Found Miesh's CLEARANCE SALE!.
 27415 | D:14     | Noticed Kirke
 27423 | D:14     | Killed Kirke
 27713 | D:14     | Noticed Rupert
 27718 | D:14     | Paralysed by Rupert for 2 turns
 27728 | D:14     | Killed Rupert
 27728 | D:14     | Identified the +2 pair of boots of Ogganague {rF+ rC+}
                  | (Okawaru gifted it to you on level 14 of the Dungeon)
 27728 | D:14     | Received a gift from Okawaru
 28204 | D:15     | Found a staircase to the Depths.
 28270 | D:15     | Noticed Louise
 28273 | D:15     | Cast into level 3 of the Abyss (Louise)
 28314 | Abyss:3  | Noticed a bone dragon
 28322 | Abyss:3  | Killed a bone dragon
 28359 | Abyss:3  | Noticed a lich
 28365 | Abyss:3  | Killed a lich
 28460 | D:15     | Escaped the Abyss
 28468 | D:15     | Killed Louise
 28743 | D:15     | Noticed Azrael
 28755 | D:15     | Killed Azrael
 29020 | D:15     | Found a white marble altar of Elyvilon.
 29747 | D:13     | You paid a toll of +3 fire dragon scales to enter a
                  | treasure trove
 29748 | Trove    | Entered a treasure trove
 29774 | Trove    | Identified the ring of Xapt {Wiz rElec}
 29776 | Trove    | Identified the ring of the Heavens {rC- EV+4 Int+8}
 29778 | Trove    | Identified the +1 robe of the Known World {rCorr Int+4
                  | Slay-4}
 29798 | Trove    | Acquired the +3 hat of Knowledge {rElec}
 29953 | Swamp:1  | Entered Level 1 of the Swamp
 30575 | Swamp:2  | Identified the +3 ring mail "Fitzio Huri" {Fly}
 30729 | Swamp:2  | Noticed a fenstrider witch
 30737 | Swamp:2  | Killed from afar by a fenstrider witch

Illustrated notes

Levels and vault maps discovered:
D:1:      nagdon_arrival_zigzag_paths, layout_basic
D:2:      minmay_general_purpose_star, layout_basic,
          hellmonk_ecumenical_altar_zigzags, corexii_shack, minmay_box_of_dots
D:3:      layout_rooms, serial_shops, shop, nicolae_shop_statue_plus,
          nicolae_square_shop, nicolae_shop_temple_entry_statues_fountains,
          nicolae_shop_hallway_plus, minmay_misc_feat_encased
D:4:      layout_basic, minmay_temple_entry_slanted
D:5:      minmay_goblin_kobold_castle, layout_loops_ring,
          cheibrodos_sewer_entry_drain, eino_tiny_chamber, minmay_misc_feat_iff,
          uniq_blork_the_orc, uniq_prince_ribbit1
D:6:      layout_layer_cave, xom_redecorated, uniq_duvessa
D:7:      layout_rooms, chequers_serial_rivers_large_a
D:8:      layout_basic, ebering_ghost_inner_flame
D:9:      lemuel_insect_pit, layout_rooms
D:10:     layout_loops_corners, minmay_orc_entry_temple_small, enter_bailey_3,
          hangedman_weighted_door, minmay_fractal_squares_5
D:11:     layout_irregular_city, lair_entry_dummy, serial_shops, shop,
          okawaru_gym_becter, uniq_fannar, uniq_snorg
D:12:     layout_long_grid, gauntlet_entry_generic
D:13:     layout_cave_pods, enter_trove_2
D:14:     layout_loops_corners, david_vaults_4, minmay_staircase_bubble,
          nicolae_shop_clearance, uniq_kirke, uniq_rupert
D:15:     grunt_enter_depths_giant_problem, layout_basic, serial_bayou_pond_e,
          elyvilon_altar_5, uniq_azrael, uniq_louise
Temple:   regret_index_temple_sigil_plot
Lair:1:   layout_roguey, gammafunk_ghost_hive
Lair:2:   layout_gridlike, swamp_mist_pool, basic_altar, serial_bayou_pond_a
Lair:3:   layout_gridlike
Lair:4:   layout_hall_layers, dummy_spider_entry, grunt_megastairs_3,
          infiniplex_staircase_pool_2
Lair:5:   layout_big_grid, slime_altar_1
Lair:6:   minmay_lair_end_enchanted_forest, layout_big_grid,
          nicolae_quartered_pool_super, chequers_serial_rivers_micro_d,
          grunt_forest_small_clearings, lemuel_fruit_tree,
          infiniplex_staircase_pool
Swamp:1:  layout_basic_swamp, evilmike_swamp_ruin_house_5
Swamp:2:  layout_basic_swamp, evilmike_swamp_ruin_house_3, swamp_pool1,
          nicolae_swamp_soggy_hallways
Orc:1:    layout_caves, nicolae_volcano_entry_lava_flow, basic_altar
Orc:2:    st_orc_pillars, layout_diamond_mine, basic_altar, uniq_nessos

Skill      XL: |  1  2  3  4  5  6  7  8  9 10 11 12 13 14 15 |
---------------+----------------------------------------------+-----
Fighting       | 4 5 6 7 9 10 12 14 15 17 | 17.0
Armour         | 4 5 6 7 8 9 10 11 12 13 14 15 | 15.7
Shields        | 4 5 6 7 9 10 12 14 16 | 16.0
Long Blades    | 3 4 5 7 9 11 13 15 16 17 18 19 | 19.8
Dodging        | 1 2 3 |  3.8
Stealth        | 1 2 |  2.9
Invocations    | 1 |  1.8
Evocations     | |  0.3

Action                   |  1- 3 |  4- 6 |  7- 9 | 10-12 | 13-15 || total
-------------------------+-------+-------+-------+-------+-------++-------
Melee: Long sword        |    82 |   123 |       |       |       ||   205
       Headbutt          |     4 |    22 |    48 |   133 |   269 ||   476
       Double sword      |       |    24 |   234 |   573 |  1213 ||  2044
Invok: Heroism           |       |       |       |     4 |    10 ||    14
Evoke: Wand              |       |       |       |     4 |       ||     4
  Use: Scroll            |     2 |     2 |     1 |    20 |    12 ||    37
       Potion            |       |       |       |     2 |     5 ||     7
 Stab: Petrified         |       |       |       |       |     4 ||     4
Armor: Scale mail        |    43 |    29 |       |       |       ||    72
       Chain mail        |       |    62 |   157 |    70 |       ||   289
       Plate armour      |       |       |       |   257 |   614 ||   871
Dodge: Dodged            |    41 |    62 |   105 |   145 |   329 ||   682
Block: Buckler           |    20 |    44 |   107 |   286 |   813 ||  1270
       Reflection        |       |       |     6 |     6 |    13 ||    25
